 Dungeon Crawl Stone Soup version 0.25-b1-46-gb8a1ec05df (webtiles) character file.

Game seed: 2563594886442961555

11364 HungrySpirit the Carver (level 11, 87/87 HPs)
             Began as a Demonspawn Gladiator on June 11, 2020.
             Was a Priest of Makhleb.
             Quit the game on level 2 of the Lair of Beasts on June 12, 2020.
             The game lasted 00:25:19 (18146 turns).

HungrySpirit the Carver (Demonspawn Gladiator)     Turns: 18146, Time: 00:25:20

Health: 87/87      AC: 21    Str: 17    XL:     11   Next: 48%
Magic:  16/16      EV:  6    Int: 11    God:    Makhleb [***...]
Gold:   691        SH:  6    Dex: 14    Spells: 10/10 levels left

rFire    . . .     SeeInvis +   z - +1 long sword (curse)
rCold    . . .     Gourm    .   A - +2 buckler
rNeg     . . .     Faith    .   B - +1 plate armour
rPois    .         Spirit   +   (helmet restricted)
rElec    .         Reflect  .   g - scarf {+Inv}
rCorr    .         Harm     .   r - +0 pair of gloves
MR       .....                  (no boots)
Stlth    ..........             (no amulet)
HPRegen  0.24/turn              y - ring of see invisible
MPRegen  0.30/turn              n - +4 ring of protection

@: no status effects
A: antennae 1, yellow scales 1, nightstalker 2, magic shield, magic regeneration
a: Minor Destruction, Lesser Servant of Makhleb, Renounce Religion, Evoke
Invisibility


You were on level 2 of the Lair of Beasts.
You worshipped Makhleb.
Makhleb was most pleased with you.
You were not hungry.

You visited 2 branches of the dungeon, and saw 12 of its levels.
You also visited: Sewer.

You collected 691 gold pieces.

Inventory:

Hand Weapons
 z - a cursed +1 long sword (weapon)
 C - a +4 broad axe of freezing
 E - a +3 trident
Missiles
 b - 5 boomerangs of dispersal
 p - 4 throwing nets (quivered)
Armour
 g - a scarf of invisibility (worn)
 q - a +0 chain mail of positive energy
 r - a +0 pair of gloves (worn)
 A - a +2 buckler (worn)
 B - a +1 plate armour (worn)
Jewellery
 l - an uncursed ring of resist corrosion
 n - a +4 ring of protection (right hand)
 y - a ring of see invisible (left hand)
 I - a +6 ring of strength {unknown}
Wands
 D - a wand of enslavement (2)
 F - a wand of polymorph (7)
 G - a wand of flame (11)
 J - a wand of digging (11)
Scrolls
 a - 4 scrolls of magic mapping
 c - a scroll of random uselessness {unknown}
 d - a scroll of fear {unknown}
 h - a scroll of noise
 i - a scroll of teleportation
 j - 5 scrolls of remove curse {unknown}
 k - 2 scrolls of amnesia {unknown}
 m - 3 scrolls of blinking {unknown}
 w - a scroll of enchant weapon {unknown}
 H - a scroll of acquirement {unknown}
 K - a scroll of identify
Potions
 e - a potion of brilliance
 o - a potion of stabbing
 t - a potion of heal wounds
 u - 4 potions of flight
 v - a potion of ambrosia
 x - 2 potions of berserk rage {unknown}
Comestibles
 f - 19 rations
 s - a chunk of flesh


   Skills:
 + Level 8.6 Fighting
 * Level 11.1 Long Blades
 - Level 1.7 Throwing
 + Level 7.5 Armour
 + Level 3.4 Dodging
 + Level 1.5 Shields
 - Level 7.0 Evocations


You had 10 spell levels left.
You didn't know any spells.
Your spell library contained the following spells:

 Spells                   Type           Power        Failure   Level  Hunger
 Sandblast                Erth           #.....       100%        1    ##.....
 Passwall                 Tmut/Erth      #.......     100%        2    ###....
 Stone Arrow              Conj/Erth      #.....       100%        3    ####...
 Petrify                  Tmut/Erth      #.......     100%        4    #####..
 Lee's Rapid Deconstruct  Erth           #.........   100%        5    ######.


Dungeon Overview and Level Annotations

Branches:
Dungeon (10/15)            Temple (0/1) D:7            Lair (2/6) D:10
    Orc (0/2) D:10          Sewer (visited)
  Swamp: Lair:2-4    Shoals: Lair:2-4     Snake: Lair:2-4    Spider: Lair:2-4

Altars:
Fedhas
Gozag
Makhleb
Qazlal
Ru
Sif Muna


Innate Abilities, Weirdness & Mutations

You have a pair of small antennae on your head.
You are partially covered in yellow scales. (AC +2)
You are significantly more attuned to the shadows.
When hurt, damage is shared between your health and your magic reserves.
You regenerate magic rapidly.


Message History

You block the water moccasin's attack. The water moccasin closely misses you.
You slash the water moccasin!
The water moccasin is almost dead.
The water moccasin completely misses you.
You closely miss the water moccasin.
The water moccasin is almost dead.
The water moccasin bites you but does no damage.
You hit the water moccasin but do no damage.
The water moccasin is almost dead.
The water moccasin bites you but does no damage.
You hit the water moccasin.
You kill the water moccasin!
Makhleb accepts your kill.
No target in view!
No target in view!
You start resting.
Eating one of 2 chunks of flesh.
You eat one of the 2 chunks of flesh.
This raw flesh tastes terrible.
HP restored.
Are you sure you want to abandon this character and quit the game? (Confirm with "yes".)

###### #####
.#..#P###.#.##
.............#
...........###
...........#
.#..<.#..P#
..#..÷.#..##
.....@....###
.....†......#
............#
...........##
............#
........P.###
#.P....###
.#.....#
......#.


There were no monsters in sight!

Vanquished Creatures
  Harold (D:10)
  Urug (D:10)
  Joseph (D:8)
  2 black mambas (Lair:1)
  A queen bee (Lair:1)
  A hornet (D:9)
  5 blink frogs (Lair:1)
  5 hippogriffs
  Sigmund (D:4)
  A human (D:7)
  A yak (D:7)
  3 hogs (D:7)
  4 water moccasins
  2 orc warriors
  A black bear (D:8)
  An ice beast (D:8)
  3 sky beasts
  A hornet zombie (D:10)
  2 phantoms
  A necrophage (D:5)
  4 ogres
  A centaur (D:8)
  5 wolves
  2 crocodiles (Lair:1)
  5 bullfrogs
  3 big kobolds
  A wyvern skeleton (D:4)
  6 scorpions
  33 killer bees
  5 wights
  2 howler monkeys (D:7)
  2 crimson imps
  A centaur zombie (D:10)
  A quasit (D:9)
  6 hounds
  A jelly (D:7)
  2 bullfrog skeletons
  An orc priest (D:4)
  An orc wizard (D:5)
  3 iguanas
  8 worker ants
  A hound skeleton (D:4)
  A worker ant zombie (D:10)
  Robin (D:3)
  7 gnolls
  16 adders
  4 river rats (Sewer)
  An ooze (D:3)
  An adder skeleton (D:6)
  3 worms
  8 leopard geckos
  14 orcs
  A ball python (D:2)
  6 bats
  6 giant cockroaches
  12 goblins
  12 hobgoblins
  10 jackals
  4 quokkas
  5 frilled lizards
  24 kobolds
  A leopard gecko zombie (D:5)
  A quokka skeleton (D:5)
  A quokka zombie (D:9)
  5 rats
276 creatures vanquished.

Vanquished Creatures (others)
  An orc (D:8)
1 creature vanquished.

Grand Total: 277 creatures vanquished

Notes
Turn   | Place    | Note
-------+----------+-------------------------------------------
     0 | D:1      | HungrySpirit the Demonspawn Gladiator began the quest for
                  | the Orb.
     0 | D:1      | Reached XP level 1. HP: 16/16 MP: 1/1
   163 | D:1      | Reached skill level 3 in Long Blades
   163 | D:1      | Gained mutation: When hurt, damage is shared between your
                  | health and your magic reserves. [demonic ancestry]
   163 | D:1      | Reached XP level 2. HP: 22/22 MP: 2/2
   718 | D:2      | Reached skill level 1 in Armour
   718 | D:2      | Reached XP level 3. HP: 18/28 MP: 3/3
  1348 | D:2      | Reached XP level 4. HP: 30/34 MP: 4/4
  2059 | D:3      | Reached skill level 4 in Long Blades
  2117 | D:3      | Found a glowing drain.
  2157 | Sewer    | Entered a sewer
  2176 | Sewer    | Gained mutation: You regenerate magic rapidly. [demonic
                  | ancestry]
  2176 | Sewer    | Reached XP level 5. HP: 15/41 MP: 3/5
  2576 | Sewer    | Found a white marble altar of Elyvilon.
  2645 | D:3      | Noticed Robin
  2668 | D:3      | Killed Robin
  3511 | D:4      | Gained mutation: You are slightly more attuned to the
                  | shadows. [demonic ancestry]
  3511 | D:4      | Reached XP level 6. HP: 33/47 MP: 6/6
  3670 | D:4      | Noticed Sigmund
  3773 | D:4      | Killed Sigmund
  3773 | D:4      | Reached skill level 5 in Long Blades
  4422 | D:4      | Reached XP level 7. HP: 54/54 MP: 5/7
  5413 | D:5      | Entered Level 5 of the Dungeon
  5478 | D:5      | Reached skill level 6 in Long Blades
  5478 | D:5      | Reached skill level 1 in Evocations
  5977 | D:5      | Reached XP level 8. HP: 56/60 MP: 9/9
  6161 | D:5      | Reached skill level 5 in Fighting
  6470 | D:5      | Reached skill level 7 in Long Blades
  7264 | D:6      | Found a burning altar of Makhleb.
  7264 | D:6      | Found a blossoming altar of Fedhas.
  7264 | D:6      | Found a stormy altar of Qazlal.
  7293 | D:6      | Became a worshipper of Makhleb the Destroyer
  7437 | D:6      | Found a shimmering blue altar of Sif Muna.
  7605 | D:7      | Noticed a hippogriff
  7721 | D:7      | Gained mutation: You have a pair of small antennae on your
                  | head. [demonic ancestry]
  7721 | D:7      | Reached XP level 9. HP: 42/68 MP: 11/11
  7878 | D:7      | Reached skill level 8 in Long Blades
  7878 | D:7      | Reached skill level 5 in Armour
  8636 | D:7      | Found a staircase to the Ecumenical Temple.
  9526 | D:7      | Reached * piety under Makhleb
  9854 | D:7      | Reached skill level 9 in Long Blades
  9854 | D:7      | Reached skill level 5 in Evocations
 10469 | D:8      | Gained mutation: You are partially covered in yellow
                  | scales. (AC +2) [demonic ancestry]
 10469 | D:8      | Reached XP level 10. HP: 39/76 MP: 11/13
 10945 | D:8      | Noticed Joseph
 10963 | D:8      | Killed Joseph
 11391 | D:9      | Found an opulent altar of Gozag.
 12255 | D:9      | Found a sacrificial altar of Ru.
 12463 | D:10     | Entered Level 10 of the Dungeon
 12463 | D:10     | Noticed a two-headed ogre
 12926 | D:10     | Noticed Urug
 12960 | D:10     | Killed Urug
 12960 | D:10     | Reached skill level 10 in Long Blades
 12972 | D:10     | Reached ** piety under Makhleb
 12992 | D:10     | Paralysed by a big kobold for 3 turns
 13101 | D:10     | Found a staircase to the Orcish Mines.
 13663 | D:10     | Noticed Harold
 13695 | D:10     | Killed Harold
 14098 | D:10     | Found a staircase to the Lair.
 14158 | Lair:1   | Entered Level 1 of the Lair of Beasts
 14223 | Lair:1   | Noticed a black mamba
 14233 | Lair:1   | Killed a black mamba
 14233 | Lair:1   | Gained mutation: You are significantly more attuned to the
                  | shadows. [demonic ancestry]
 14233 | Lair:1   | Reached XP level 11. HP: 67/86 MP: 12/15
 16728 | Lair:1   | Reached skill level 1 in Shields
 16967 | D:10     | Reached skill level 11 in Long Blades
 17946 | Lair:2   | Reached *** piety under Makhleb
 18146 | Lair:2   | Quit the game

Illustrated notes

Levels and vault maps discovered:
D:1:      roderic_octagonal_star, layout_rooms
D:2:      layout_loops_ring
D:3:      layout_basic, gup_sewer_entry_glass, uniq_robin
D:4:      layout_basic, amethyst_killhole, uniq_sigmund
D:5:      layout_cave_pools, first_ration
D:6:      layout_loops_ring, chequers_temple_overflow_statue_of_worship,
          kennysheep_mini_moat
D:7:      layout_loops_ring, minmay_temple_entry_drinking_statues, hex_tiny,
          grunt_livestock
D:8:      layout_loops_ring, uniq_joseph
D:9:      layout_loops_ring, grunt_gozag_statues, lemuel_coloured_pillars_altar
D:10:     layout_loops_cross, lair_entry_dummy, orc_0_dummy, minivault_24,
          uniq_harold, uniq_urug
Lair:1:   layout_hall_layers, special_room [special_room_bee]
Lair:2:   layout_gridlike

Skill      XL: |  1  2  3  4  5  6  7  8  9 10 11 |
---------------+----------------------------------+-----
Long Blades    | 3 4 5 6 7 9 10 11 | 11.1
Armour         | 1 2 3 4 5 7 |  7.5
Fighting       | 3 4 5 6 8 |  8.6
Evocations     | 1 3 5 6 7 |  7.0
Dodging        | 3 |  3.4
Shields        | 1 |  1.5
Throwing       | |  1.7

Action                   |  1- 3 |  4- 6 |  7- 9 | 10-12 || total
-------------------------+-------+-------+-------+-------++-------
Melee: Long sword        |   100 |   248 |   542 |   780 ||  1670
Throw: Throwing net      |       |     3 |     1 |       ||     4
Evoke: Wand              |       |       |     1 |     8 ||     9
  Use: Scroll            |       |     3 |     6 |     5 ||    14
       Potion            |       |     2 |       |    14 ||    16
 Stab: Held in net/web   |       |       |     1 |       ||     1
       Betrayed ally     |       |       |     1 |     1 ||     2
  Eat: Chunk             |     1 |     7 |    17 |     9 ||    34
       Ration            |       |     1 |     1 |     5 ||     7
Armor: Leather armour    |    32 |       |       |       ||    32
       Chain mail        |    17 |   169 |   253 |       ||   439
       Skin              |       |     3 |       |       ||     3
       Plate armour      |       |       |   149 |   697 ||   846
Dodge: Dodged            |    74 |   119 |   191 |   321 ||   705
Block: Buckler           |       |       |       |   153 ||   153
       Rpst.: Long sword |    22 |    39 |    43 |   111 ||   215
